ITL
WABA DUCKS @ WISCONSIN TIMBER RATTLERS
04/25/2027
 
TOP OF THE 1ST
Waba Ducks batting - Pitching for Wisconsin Timber Rattlers : RHP Tom McConnell
Pitching: RHP Tom McConnell
Batting: SHB Ed Hunter 0-0: Called Strike
0-1: Foul Ball, location: 2F
0-2: Ground out 4-3 (Groundball, 4)
Batting: RHB Tokuhei Kobayashi 0-0: Ball
1-0: Ball
2-0: Foul Ball, location: 2F
2-1: Ball
3-1: Bunted foul
3-2: Strikes out swinging
Batting: LHB José Román 0-0: Ball
1-0: Foul Ball, location: 2F
1-1: Ball
2-1: DOUBLE (Line Drive, 7LM)
Batting: RHB Ed Small 0-0: Fly out, F9 (Flyball, 89S)
Top of the 1st over - 0 run(s), 1 hit(s), 0 error(s), 1 left on base; Waba 0 - Wisconsin 0
BOTTOM OF THE 1ST
Wisconsin Timber Rattlers batting - Pitching for Waba Ducks : RHP Anthony Rigsby
Pitching: RHP Anthony Rigsby
Batting: RHB Greg King 0-0: Called Strike
0-1: Ground out 1-3 (Groundball, 15S)
Batting: SHB Ricardo Arévalo 0-0: Foul Ball, location: 2F
0-1: Ball
1-1: Swinging Strike
1-2: Foul Ball, location: 2F
1-2: Ball
2-2: Ball
3-2: SOLO HOME RUN (Flyball, 8RXD), Distance : 428 ft
Batting: RHB Dick Slagboom 0-0: Swinging Strike
0-1: Ball
1-1: Fly out, F8 (Flyball, 89S)
Batting: RHB Vicente Vélez 0-0: Called Strike
0-1: Ball
1-1: Called Strike
1-2: Ball
2-2: Ball
3-2: Fly out, F2 (Popup, 13)
Bottom of the 1st over - 1 run(s), 1 hit(s), 0 error(s), 0 left on base; Waba 0 - Wisconsin 1
TOP OF THE 2ND
Waba Ducks batting - Pitching for Wisconsin Timber Rattlers : RHP Tom McConnell
Batting: RHB Jeremy Flemming 0-0: Swinging Strike
0-1: SINGLE (Groundball, 56D)
Batting: RHB Pedro Molina 0-0: Ball
1-0: Ball
2-0: Foul Ball, location: 2F
2-1: 2-RUN HOME RUN (Line Drive, 78XD), Distance : 405 ft
Batting: RHB Shaun Puckett 0-0: Called Strike
0-1: Called Strike
0-2: Strikes out swinging
Batting: RHB Ángelo García 0-0: Reached on error, E4 (Groundball, 4)
Batting: RHB Enrico Ramos 0-0: Called Strike
0-1: Ground out 4-3 (Groundball, 4D)
Ángelo García to third
Batting: SHB Ed Hunter 0-0: Ball
1-0: Ball
2-0: Ball
3-0: Base on Balls
Batting: RHB Tokuhei Kobayashi 0-0: Ball
1-0: Foul Ball, location: 2F
1-1: Foul Ball, location: 2F
1-2: Fielders Choice at 2nd, 4-6 (Groundball, 4)
Top of the 2nd over - 2 run(s), 2 hit(s), 1 error(s), 1 left on base; Waba 2 - Wisconsin 1
BOTTOM OF THE 2ND
Wisconsin Timber Rattlers batting - Pitching for Waba Ducks : RHP Anthony Rigsby
Batting: LHB Raúl Casillán 0-0: Ball
1-0: Called Strike
1-1: Fly out, F7 (Flyball, 7LS)
Batting: RHB Fraser Stanton 0-0: Ball
1-0: Called Strike
1-1: Called Strike
1-2: Strikes out swinging
Batting: LHB Marv Walker 0-0: Ball
1-0: Ball
2-0: SINGLE (Line Drive, 8RS)
Batting: LHB John Latham 0-0: Swinging Strike
0-1: Ball
1-1: Ball
2-1: Swinging Strike
2-2: Strikes out swinging
Bottom of the 2nd over - 0 run(s), 1 hit(s), 0 error(s), 1 left on base; Waba 2 - Wisconsin 1
TOP OF THE 3RD
Waba Ducks batting - Pitching for Wisconsin Timber Rattlers : RHP Tom McConnell
Batting: LHB José Román 0-0: Swinging Strike
0-1: Ball
1-1: Fly out, F7 (Line Drive, 7)
Batting: RHB Ed Small 0-0: Called Strike
0-1: Ball
1-1: Ball
2-1: Fly out, F8 (Flyball, 89D)
Batting: RHB Jeremy Flemming 0-0: SINGLE (Groundball, 56) (infield hit)
Batting: RHB Pedro Molina 0-0: Foul Ball, location: 2F
0-1: Ball
1-1: Ball
2-1: Foul Ball, location: 2F
2-2: Foul Ball, location: 2F
2-2: Ball
3-2: Strikes out swinging
Top of the 3rd over - 0 run(s), 1 hit(s), 0 error(s), 1 left on base; Waba 2 - Wisconsin 1
BOTTOM OF THE 3RD
Wisconsin Timber Rattlers batting - Pitching for Waba Ducks : RHP Anthony Rigsby
Batting: RHB Danny Campbell 0-0: Ball
1-0: Ground out 4-3 (Groundball, 34)
Batting: RHB Greg King 0-0: Ball
1-0: Fly out, F8 (Flyball, 8LM)
Batting: SHB Ricardo Arévalo 0-0: Ball
1-0: Foul Ball, location: 2F
1-1: Swinging Strike
1-2: Foul Ball, location: 2F
1-2: Ground out 6-3 (Groundball, 56)
Bottom of the 3rd over - 0 run(s), 0 hit(s), 0 error(s), 0 left on base; Waba 2 - Wisconsin 1
TOP OF THE 4TH
Waba Ducks batting - Pitching for Wisconsin Timber Rattlers : RHP Tom McConnell
Batting: RHB Shaun Puckett 0-0: Ball
1-0: Foul Ball, location: 2F
1-1: Ground out 1-3 (Groundball, 15)
Batting: RHB Ángelo García 0-0: Ball
1-0: Ball
2-0: Called Strike
2-1: Called Strike
2-2: Strikes out looking
Batting: RHB Enrico Ramos 0-0: Ball
1-0: Foul Ball, location: 2F
1-1: Ground out 4-3 (Groundball, 4)
Top of the 4th over - 0 run(s), 0 hit(s), 0 error(s), 0 left on base; Waba 2 - Wisconsin 1
BOTTOM OF THE 4TH
Wisconsin Timber Rattlers batting - Pitching for Waba Ducks : RHP Anthony Rigsby
Batting: RHB Dick Slagboom 0-0: Ground out 4-3 (Groundball, 4)
Batting: RHB Vicente Vélez 0-0: Foul Ball, location: 2F
0-1: Ball
1-1: Ball
2-1: Called Strike
2-2: Foul Ball, location: 2F
2-2: Ball
3-2: Strikes out looking
Batting: LHB Raúl Casillán 0-0: Ball
1-0: Foul Ball, location: 2F
1-1: Foul Ball, location: 2F
1-2: Ball
2-2: Ball
3-2: Foul Ball, location: 2F
3-2: Foul Ball, location: 2F
3-2: SINGLE (Groundball, 56S) (infield hit)
Batting: RHB Fraser Stanton 0-0: Ball
1-0: Fly out, F8 (Flyball, 8LS)
Bottom of the 4th over - 0 run(s), 1 hit(s), 0 error(s), 1 left on base; Waba 2 - Wisconsin 1
TOP OF THE 5TH
Waba Ducks batting - Pitching for Wisconsin Timber Rattlers : RHP Tom McConnell
Batting: SHB Ed Hunter 0-0: Swinging Strike
0-1: Ground out 4-3 (Groundball, 4)
Batting: RHB Tokuhei Kobayashi 0-0: Ball
1-0: Called Strike
1-1: Called Strike
1-2: Ball
2-2: Fly out, F2 (Popup, 3S)
Batting: LHB José Román 0-0: Ball
1-0: Fly out, F7 (Flyball, 7)
Top of the 5th over - 0 run(s), 0 hit(s), 0 error(s), 0 left on base; Waba 2 - Wisconsin 1
BOTTOM OF THE 5TH
Wisconsin Timber Rattlers batting - Pitching for Waba Ducks : RHP Anthony Rigsby
Batting: LHB Marv Walker 0-0: Ball
1-0: Foul Ball, location: 2F
1-1: Ball
2-1: SINGLE (Line Drive, 7S)
Batting: LHB John Latham 0-0: Called Strike
0-1: Foul Ball, location: 2F
0-2: DOUBLE (Line Drive, 78D)
Marv Walker to third
Batting: RHB Danny Campbell 0-0: Ground out 5-3 (Groundball, 56)
Marv Walker scores
Batting: RHB Greg King 0-0: Ball
1-0: Foul Ball, location: 2F
1-1: Foul Ball, location: 2F
1-2: Ball
2-2: Ball
3-2: Strikes out swinging
Batting: SHB Ricardo Arévalo 0-0: Called Strike
0-1: Foul Ball, location: 2F
0-2: Ball
1-2: Ball
2-2: DOUBLE (Flyball, 7LD)
John Latham scores
Batting: RHB Dick Slagboom 0-0: Called Strike
0-1: Foul Ball, location: 2F
0-2: SINGLE (Groundball, 56D)
Ricardo Arévalo to third
Runner from 3rd tries for Home, SAFE, throw made home
Dick Slagboom to second
Batting: RHB Vicente Vélez 0-0: Foul Ball, location: 2F
0-1: Ball
1-1: Ball
2-1: Foul Ball, location: 2F
2-2: Strikes out swinging
Bottom of the 5th over - 3 run(s), 4 hit(s), 0 error(s), 1 left on base; Waba 2 - Wisconsin 4
TOP OF THE 6TH
Waba Ducks batting - Pitching for Wisconsin Timber Rattlers : RHP Tom McConnell
Batting: RHB Ed Small 0-0: Ball
1-0: Foul Ball, location: 2F
1-1: Called Strike
1-2: Strikes out swinging
Batting: RHB Jeremy Flemming 0-0: SINGLE (Groundball, 4D)
Batting: RHB Pedro Molina 0-0: Ball
1-0: Ball
2-0: Ball
3-0: Called Strike
3-1: Fly out, F6 (Line Drive, 6M)
Batting: RHB Shaun Puckett 0-0: Swinging Strike
0-1: Called Strike
0-2: Ball
1-2: Ball
2-2: SINGLE (Groundball, 6MD)
Jeremy Flemming to second
Runner from 2nd tries for 3rd, SAFE, throw made to third
Batting: RHB Ángelo García 0-0: Called Strike
0-1: Ball
1-1: SINGLE (Line Drive, 89S)
Jeremy Flemming scores
Shaun Puckett to second
Batting: RHB Enrico Ramos 0-0: Called Strike
0-1: Called Strike
0-2: Ball
1-2: Strikes out swinging
Top of the 6th over - 1 run(s), 3 hit(s), 0 error(s), 2 left on base; Waba 3 - Wisconsin 4
BOTTOM OF THE 6TH
Wisconsin Timber Rattlers batting - Pitching for Waba Ducks : RHP Anthony Rigsby
Batting: LHB Raúl Casillán 0-0: Ball
1-0: Called Strike
1-1: Called Strike
1-2: Strikes out looking
Batting: RHB Fraser Stanton 0-0: Ball
1-0: Foul Ball, location: 2F
1-1: SINGLE (Groundball, 6MD)
Batting: LHB Marv Walker 0-0: Ground out U3 (Groundball, 3S)
Fraser Stanton to second
Batting: LHB John Latham 0-0: Called Strike
0-1: Foul Ball, location: 2F
0-2: Ball
1-2: Ball
2-2: Strikes out swinging
Bottom of the 6th over - 0 run(s), 1 hit(s), 0 error(s), 1 left on base; Waba 3 - Wisconsin 4
TOP OF THE 7TH
Waba Ducks batting - Pitching for Wisconsin Timber Rattlers : RHP Tom McConnell
Batting: SHB Ed Hunter 0-0: Ball
1-0: Called Strike
1-1: Ground out 4-3 (Groundball, 4)
Batting: RHB Tokuhei Kobayashi 0-0: Ball
1-0: Ball
2-0: Called Strike
2-1: Foul Ball, location: 2F
2-2: Foul Ball, location: 2F
2-2: SINGLE (Groundball, 6MD)
Pitching: RHP John Thompson
Batting: LHB José Román 0-0: SINGLE (Groundball, 6MS) (infield hit)
Tokuhei Kobayashi to second
Batting: RHB Ed Small 0-0: Called Strike
0-1: Foul Ball, location: 2F
0-2: Ball
1-2: Ball
2-2: Ball
3-2: Base on Balls
Tokuhei Kobayashi to third
José Román to second
Batting: RHB Jeremy Flemming 0-0: Ball
1-0: Foul Ball, location: 2F
1-1: Ball
2-1: Fly out, F8 (Flyball, 89D)
Runner from 3rd tags up, SCORES, no throw
Pinch Runner at 2nd Reynaldo Gallegos:
Batting: RHB Pedro Molina 0-0: Called Strike
0-1: Foul Ball, location: 2F
0-2: Fly out, F7 (Flyball, 7)
Top of the 7th over - 1 run(s), 2 hit(s), 0 error(s), 2 left on base; Waba 4 - Wisconsin 4
BOTTOM OF THE 7TH
Wisconsin Timber Rattlers batting - Pitching for Waba Ducks : RHP Anthony Rigsby
Pitching: RHP Esteban Gonzáles
Now in RF: Reynaldo Gallegos
Batting: RHB Danny Campbell 0-0: Ball
1-0: Fly out, F4 (Popup, 34D)
Batting: RHB Greg King 0-0: SINGLE (Flyball, 4D)
Batting: SHB Ricardo Arévalo 0-0: Ball
1-0: Foul Ball, location: 2F
1-1: Swinging Strike
1-2: Ball
2-2: Foul Ball, location: 2F
2-2: Ball
3-2: SINGLE (Line Drive, 4MD)
Greg King to second
Greg King to third
Batting: RHB Dick Slagboom 0-0: Swinging Strike
0-1: Swinging Strike
0-2: Ball
1-2: Foul Ball, location: 2F
1-2: Strikes out swinging
Batting: RHB Vicente Vélez 0-0: Called Strike
0-1: Swinging Strike
0-2: Ground out 5-3 (Groundball, 5S)
Bottom of the 7th over - 0 run(s), 2 hit(s), 0 error(s), 2 left on base; Waba 4 - Wisconsin 4
TOP OF THE 8TH
Waba Ducks batting - Pitching for Wisconsin Timber Rattlers : RHP John Thompson
Batting: RHB Shaun Puckett 0-0: Ball
1-0: Ball
2-0: Foul Ball, location: 2F
2-1: Called Strike
2-2: Ball
3-2: Base on Balls
Batting: RHB Ángelo García 0-0: Ball
1-0: Bunted foul
1-1: Sac Bunt - play at first, batter OUT! 3-4
Shaun Puckett to second
Batting: RHB Enrico Ramos 0-0: Intentional Walk
Pinch Hitting: RHB Chris Osborn 0-0: Ball
1-0: Called Strike
1-1: Foul Ball, location: 2F
1-2: Strikes out swinging
Batting: RHB Tokuhei Kobayashi 0-0: Swinging Strike
0-1: Swinging Strike
0-2: Ball
1-2: Foul Ball, location: 2F
1-2: Strikes out swinging
Top of the 8th over - 0 run(s), 0 hit(s), 0 error(s), 2 left on base; Waba 4 - Wisconsin 4
BOTTOM OF THE 8TH
Wisconsin Timber Rattlers batting - Pitching for Waba Ducks : RHP Esteban Gonzáles
Pitching: LHP Felipe Rivera
Now in LF: Chris Osborn
Pinch Hitting: RHB Miguel Salinas 0-0: Ball
1-0: Called Strike
1-1: Foul Ball, location: 2F
1-2: Strikes out swinging
Batting: RHB Fraser Stanton 0-0: Ball
1-0: Ball
2-0: Ball
3-0: Base on Balls
Batting: LHB Marv Walker 0-0: Called Strike
0-1: Called Strike
0-2: Ball
1-2: Ball
2-2: Fielders Choice at 2nd, 4-6 (Groundball, 34)
Pitching: RHP Stan Stewart
Batting: LHB John Latham 0-0: Swinging Strike
0-1: Called Strike
0-2: Ball
1-2: SINGLE (Groundball, 4S) (infield hit)
Marv Walker to second
Batting: RHB Danny Campbell 0-0: Ball
1-0: Ball
2-0: Ball
3-0: Called Strike
3-1: Foul Ball, location: 2F
3-2: Strikes out swinging
Bottom of the 8th over - 0 run(s), 1 hit(s), 0 error(s), 2 left on base; Waba 4 - Wisconsin 4
TOP OF THE 9TH
Waba Ducks batting - Pitching for Wisconsin Timber Rattlers : RHP John Thompson
Pitching: LHP Sergio Vargas
Now in CF: José López
Batting: SHB Reynaldo Gallegos 0-0: Called Strike
0-1: Ball
1-1: Ground out 6-3 (Groundball, 6)
Batting: RHB Ed Small 0-0: Swinging Strike
0-1: Fly out, F7 (Flyball, 78D)
Batting: RHB Jeremy Flemming 0-0: Ball
1-0: Ball
2-0: Ball
3-0: Called Strike
3-1: Foul Ball, location: 2F
3-2: Base on Balls
Batting: RHB Pedro Molina 0-0: Called Strike
0-1: Ball
1-1: Ball
2-1: Fielders Choice at 2nd, 5-4 (Groundball, 56)
Top of the 9th over - 0 run(s), 0 hit(s), 0 error(s), 0 left on base; Waba 4 - Wisconsin 4
BOTTOM OF THE 9TH
Wisconsin Timber Rattlers batting - Pitching for Waba Ducks : RHP Stan Stewart
Pitching: RHP Bartolo Romo
Batting: RHB Greg King 0-0: Ball
1-0: Ball
2-0: Called Strike
2-1: Ball
3-1: Fly out, F7 (Flyball, 7)
Batting: SHB Ricardo Arévalo 0-0: Called Strike
0-1: Ball
1-1: Foul Ball, location: 2F
1-2: Foul Ball, location: 2F
1-2: Foul Ball, location: 2F
1-2: Ball
2-2: Ground out 6-3 (Groundball, 6)
Batting: RHB Dick Slagboom 0-0: Called Strike
0-1: Foul Ball, location: 2F
0-2: Ball
1-2: Ball
2-2: Foul Ball, location: 2F
2-2: Ball
3-2: Strikes out swinging
Bottom of the 9th over - 0 run(s), 0 hit(s), 0 error(s), 0 left on base; Waba 4 - Wisconsin 4
TOP OF THE 10TH
Waba Ducks batting - Pitching for Wisconsin Timber Rattlers : LHP Sergio Vargas
Batting: RHB Shaun Puckett 0-0: Ball
1-0: Foul Ball, location: 2F
1-1: SOLO HOME RUN (Flyball, 7LD), Distance : 356 ft
Batting: RHB Ángelo García 0-0: Ball
1-0: Ball
2-0: Called Strike
2-1: SINGLE (Line Drive, 8RS)
Batting: RHB Enrico Ramos 0-0: Ball
1-0: Reached on error, E1 (Groundball, 13)
Ángelo García to third
Batting: RHB Chris Osborn 0-0: Called Strike
0-1: Foul Ball, location: 2F
0-2: Ball
1-2: Foul Ball, location: 2F
1-2: Foul Ball, location: 2F
1-2: Foul Ball, location: 2F
1-2: Ground out 6-3 (Groundball, 56)
Batting: RHB Tokuhei Kobayashi 0-0: Intentional Walk
Batting: SHB Reynaldo Gallegos 0-0: Fly out, F9 (Flyball, 9S)
Batting: RHB Ed Small 0-0: Called Strike
0-1: Fly out, F9 (Flyball, 89D)
Top of the 10th over - 1 run(s), 2 hit(s), 1 error(s), 3 left on base; Waba 5 - Wisconsin 4
BOTTOM OF THE 10TH
Wisconsin Timber Rattlers batting - Pitching for Waba Ducks : RHP Bartolo Romo
Batting: RHB Vicente Vélez 0-0: Ground out 1-3 (Groundball, 13)
Batting: SHB José López 0-0: Ball
1-0: Called Strike
1-1: Ball
2-1: Ground out U3 (Groundball, 3)
Batting: RHB Fraser Stanton 0-0: Ball
1-0: Called Strike
1-1: Foul Ball, location: 2F
1-2: Ball
2-2: Ground out 4-3 (Groundball, 4)
Bottom of the 10th over - 0 run(s), 0 hit(s), 0 error(s), 0 left on base; Waba 5 - Wisconsin 4
Thursday, March 30th, 2017 - OOTP Baseball 17.12 Build 75